 Dungeon Crawl Stone Soup version 0.27.1-34-g3ba077fa99 (webtiles) character file.

Game seed: 16285242888392760753

166995 LLlMATKO the Warrior (level 17, -5/237 HPs)
             Began as a Minotaur Berserker on Jan 28, 2022.
             Was a High Priest of Trog.
             Slain by the 23-headed Lernaean hydra (10 damage)
             ... on level 4 of the Swamp on Jan 29, 2022.
             The game lasted 01:01:33 (43876 turns).

LLlMATKO the Warrior (Minotaur Berserker)          Turns: 43876, Time: 01:01:33

Health: -5/237     AC: 24    Str: 22    XL:     17   Next: 30%
Magic:  16/16      EV: 14    Int:  4    God:    Trog [*****.]
Gold:   3360       SH:  5    Dex: 17    Spells: 16/16 levels left

rFire    + + .     SeeInvis .   f - +1 war axe (flame)
rCold    + + .     Faith    .   (no shield)
rNeg     . . .     Spirit   .   a - +1 plate armour {rC+}
rPois    +         Reflect  +   p - +2 hat
rElec    .         Harm     .   Q - scarf {rC+ rF+}
rCorr    .         Rampage  .   Y - +1 pair of gloves
Will     +....                  c - +0 pair of boots
Stlth    ..........             U - amulet of reflection
HPRegen  0.49/turn              J - ring of poison resistance
MPRegen  0.15/turn              N - ring of protection from fire

@: berserking, very quick
A: horns 2, retaliatory headbutt
a: Renounce Religion, Berserk, Trog's Hand, Brothers in Arms


You were on level 4 of the Swamp.
You worshipped Trog.
Trog was extremely pleased with you.
You visited 4 branches of the dungeon, and saw 27 of its levels.
You also visited: Ossuary, Bailey and Ice Cave.

You collected 3558 gold pieces.
You spent 198 gold pieces at shops.

Inventory:

Hand Weapons
 f - a +1 war axe of flaming (weapon)
 q - a +0 vorpal arbalest
 w - the +11 battleaxe "Hytienoxt" {vorpal, +Blink rElec Stlth+}
   (Trog gifted it to you on level 9 of the Dungeon)

   It inflicts extra damage upon your enemies.
   rElec:     It insulates you from electricity.
   +Blink:    It lets you blink.
   Stlth:     It makes you more stealthy.
 O - a +0 war axe of freezing
 X - the +8 trident "Beastbane" {speed, rPois Str+4}
   (You took it off a spriggan on level 8 of the Dungeon)

   Attacks with this weapon are significantly faster.
   Str:       It affects your strength (+4).
   rPois:     It protects you from poison.
Missiles
 h - 8 throwing nets
 k - 47 bolts
 l - 34 javelins
 o - 4 curare-tipped darts
 R - 9 poisoned darts
 Z - 5 atropa-tipped darts (quivered)
Armour
 a - a +1 plate armour of cold resistance (worn)
 b - the +0 tower shield "Yseunuv" {rC+ Int+2 Dex+3}
   (You took it off Louise on level 3 of the Swamp)

   Int:       It affects your intelligence (+2).
   Dex:       It affects your dexterity (+3).
   rC:        It protects you from cold.
 c - a +0 pair of boots (worn)
 p - a +2 hat (worn)
 Q - a scarf of resistance (worn)
 S - the +4 cloak of Mauclut {-Cast rPois SInv Stlth+}
   (You found it on level 3 of the Lair of Beasts)

   rPois:     It protects you from poison.
   SInv:      It lets you see invisible.
   -Cast:     It prevents spellcasting.
   Stlth:     It makes you more stealthy.
 W - a +1 kite shield of cold resistance
 Y - a +1 pair of gloves (worn)
Jewellery
 m - a ring of resist corrosion
 n - a ring of willpower
 u - a ring of fire
 v - an amulet of the acrobat
 D - the ring "Boaleseo" {Wiz rElec MP+9 Slay+2}
   (You found it in an ice cave)

   [ring of wizardry]

   It improves your spell success rate.
   Slay:      It affects your accuracy & damage with ranged weapons and melee
   (+2).
   rElec:     It insulates you from electricity.
   MP:        It affects your magic capacity (+9).
 J - a ring of poison resistance (left hand)
 N - a ring of protection from fire (right hand)
 U - an amulet of reflection (around neck)
Wands
 g - a wand of flame (58)
 i - a wand of iceblast (33)
 A - a wand of digging (20)
 G - a wand of paralysis (7)
 P - a wand of polymorph (16)
 T - a wand of acid (24)
Scrolls
 e - 15 scrolls of identify
 j - 4 scrolls of enchant armour
 y - 4 scrolls of enchant weapon
 B - 3 scrolls of magic mapping
 C - a scroll of brand weapon
 E - 5 scrolls of holy word
 F - 2 scrolls of summoning
 L - a scroll of fear
 M - 9 scrolls of teleportation
Potions
 d - 15 potions of curing
 r - 3 potions of cancellation
 s - 2 potions of ambrosia
 t - 3 potions of invisibility
 x - 5 potions of might
 z - 3 potions of flight
 H - 4 potions of haste
 I - 7 potions of resistance
 K - 5 potions of heal wounds
 V - 2 potions of magic


   Skills:
 + Level 15.9 Fighting
 + Level 15.8 Axes
 + Level 12.3 Crossbows
 + Level 15.6 Armour
 + Level 14.4 Dodging
 + Level 15.4 Shields


You had 16 spell levels left.
You didn't know any spells.
Your spell library was empty.

Dungeon Overview and Level Annotations

Branches:
Dungeon (15/15)            Temple (0/1) D:4            Lair (6/6) D:10
  Swamp (4/4) Lair:2        Snake (0/4) Lair:3        Slime (0/5) Lair:6
    Orc (2/2) D:11            Elf (0/3) Orc:2        Vaults (0/5) D:14
 Depths (0/5) D:15        Ossuary (visited)          Bailey (visited)
  IceCv (visited)

Altars:
Elyvilon
Gozag
Okawaru
Yredelemnul
Zin
The Shining One
Beogh

Shops:
D:7 =   Orc:2 [=(*

Annotations:
Swamp:4 Lernaean hydra


Innate Abilities, Weirdness & Mutations

You have a pair of horns on your head.
You reflexively headbutt those who attack you in melee.


Message History

You block the 25-headed Lernaean hydra's attack.
You chop one of the 25-headed Lernaean hydra's heads off!
The flame cauterises the wound!
You slice the 24-headed Lernaean hydra!!
You burn the 24-headed Lernaean hydra!
You headbutt the 24-headed Lernaean hydra!
The 24-headed Lernaean hydra is severely wounded.
Unknown command.
You slice one of the 24-headed Lernaean hydra's heads off!
The flame cauterises the wound!
You slash the 23-headed Lernaean hydra! You burn the 23-headed Lernaean hydra.
You headbutt the 23-headed Lernaean hydra!
The 23-headed Lernaean hydra is almost dead.
The 23-headed Lernaean hydra bites you.
* * * LOW HITPOINT WARNING * * *
The 23-headed Lernaean hydra barely misses you.
The 23-headed Lernaean hydra bites you.
* * * LOW HITPOINT WARNING * * *
The 23-headed Lernaean hydra bites you but does no damage. x2
The 23-headed Lernaean hydra bites you.
* * * LOW HITPOINT WARNING * * *
The 23-headed Lernaean hydra bites you but does no damage.
The 23-headed Lernaean hydra bites you.
* * * LOW HITPOINT WARNING * * *
You block the 23-headed Lernaean hydra's attack.
The 23-headed Lernaean hydra bites you but does no damage.
The 23-headed Lernaean hydra misses you.
The 23-headed Lernaean hydra bites you but does no damage. x2
The 23-headed Lernaean hydra completely misses you.
The 23-headed Lernaean hydra bites you!
* * * LOW HITPOINT WARNING * * *
The 23-headed Lernaean hydra bites you but does no damage.
The 23-headed Lernaean hydra closely misses you.
The 23-headed Lernaean hydra bites you but does no damage.
The 23-headed Lernaean hydra barely misses you. x2
You block the 23-headed Lernaean hydra's attack.
The 23-headed Lernaean hydra bites you!
* * * LOW HITPOINT WARNING * * *
The 23-headed Lernaean hydra bites you!
You die...

♣ ♣ ♣ ♣♣♣ ♣
♣♣♣♣♣♣♣♣♣♣♣♣..
♣♣♣#####≈≈≈...≈.≈≈≈#
♣♣.##}..####.....#.#
♣♣..#.....#........≈#
♣♣..#.....#.(.....8.#
♣♣.≈#.....#....#@D((#
.♣≈.##....'.(..#..(.(...
≈.≈≈≈####[#.≈.#.#≈..#'##
≈.≈.≈......≈(..#≈.8...≈
≈≈..≈#.8.8≈8..≈#≈≈.8≈(.8
≈≈...'≈..†≈.≈.≈# ..≈...≈
≈§.≈.#§...#...⌠# ..≈#≈..
♣♣♣)..≈.######## .##.##.
.≈÷...≈....≈


You could see the 23-headed Lernaean hydra.

Vanquished Creatures
  Bai Suzhen (Swamp:4)
  Rupert (D:13)
  A fenstrider witch (Swamp:3)
  2 orc warlords
  Louise (Swamp:3)
  Azrael (D:13)
  2 very ugly things
  A bunyip (Swamp:3)
  2 shambling mangroves
  7 eleionomae
  2 ghost crabs
  An ice dragon (IceCv)
  6 boulder beetles
  23 hydras
  The ghost of cccc the Cleaver, a novice MiBe of Trog (D:8)
  2 catoblepae
  8 alligators
  A spriggan air mage (Swamp:1)
  2 dancing weapons (D:14)
  4 centaur warriors
  2 two-headed ogres
  A tengu warrior (D:13)
  18 death yaks
  A deep troll shaman (Lair:6)
  Erica (D:9)
  2 orc high priests (Orc:2)
  Nergalle (Lair:2)
  Urug (Lair:2)
  5 goliath frogs
  5 skeletal warriors
  3 spriggan druids
  12 bog bodies
  7 swamp dragons
  Pikel (D:5)
  A phantasmal warrior (D:15)
  6 orc knights
  A necromancer (D:15)
  4 deep elf pyromancers
  8 cyclopes
  A manticore (D:12)
  10 ugly things
  11 will-o-the-wisps
  3 orc sorcerers
  An elephant (shapeshifter) (D:13)
  2 ice statues (IceCv)
  Joseph (D:9)
  2 black mambas
  8 elephants
  16 cane toads
  3 torpor snails
  2 gargoyles
  8 rime drakes
  A spriggan zombie (D:15)
  A torpor snail (shapeshifter) (D:13)
  11 komodo dragons
  2 ice devils (D:12)
  A jumping spider (shapeshifter) (D:14)
  6 trolls
  9 tyrant leeches
  3 meliai
  9 hornets
  13 blink frogs
  A slime creature (D:13)
  4 polar bears
  Grinder (D:4)
  An ice dragon zombie (D:15)
  4 shadows
  A fire dragon skeleton (D:15)
  A wraith (D:12)
  3 wyverns
  A yak (shapeshifter) (D:15)
  A vampire (D:11)
  65 yaks
  15 spriggans
  3 fire elementals
  A basilisk (Lair:3)
  A hog (shapeshifter) (D:13)
  4 vampire mosquitoes (D:12)
  2 steam dragons
  16 swamp worms
  2 nagas (Lair:3)
  4 wargs
  An acid dragon (D:12)
  16 water moccasins
  A human skeleton (D:15)
  3 hell hounds (D:13)
  8 swamp drakes
  3 ice beasts
  45 orc warriors
  A sky beast (D:7)
  2 hornet zombies
  3 black bears
  A tengu (shapeshifter) (D:13)
  A necrophage (D:6)
  An ogre (shapeshifter) (D:14)
  9 ogres
  13 wolves
  2 centaurs (D:9)
  An elf zombie (Ossuary)
  A lemure (D:5)
  A phantom (D:4)
  A kobold brigand (D:9)
  9 bullfrogs
  9 gnoll sergeants
  2 scorpions
  3 wights (D:9)
  5 lindwurm simulacra (IceCv)
  9 killer bees
  4 howler monkeys
  4 electric eels
  9 centaur zombies
  A lava snake (Lair:4)
  6 komodo dragon simulacra (IceCv)
  5 jellies
  7 gnoll shamans
  14 orc priests
  2 bullfrog skeletons (D:6)
  6 hounds
  Ijyb (D:4)
  An iguana (D:5)
  17 orc wizards
  An ogre zombie (Ossuary)
  8 mummies
  A howler monkey zombie (D:10)
  24 gnolls
  7 adders
  A howler monkey skeleton (D:7)
  5 acid dragon simulacra (IceCv)
  4 shadow imps
  A white imp (D:7)
  5 steam dragon simulacra (IceCv)
  4 adder zombies (Ossuary)
  A worm (D:2)
  2 dart slugs
  103 orcs
  4 ball pythons
  7 bats
  20 endoplasms
  6 giant cockroaches
  A gnoll zombie (Ossuary)
  13 hobgoblins
  7 jackals (D:2)
  6 quokkas
  A frilled lizard (D:1)
  14 goblins
  2 goblin zombies (Ossuary)
  4 hobgoblin zombies (Ossuary)
  19 kobolds
  2 kobold zombies (Ossuary)
  3 quokka zombies (Ossuary)
  3 rats
  8 rat zombies (Ossuary)
919 creatures vanquished.

Vanquished Creatures (collateral kills)
  A naga warrior (D:12)
  The ghost of mcbry74 the Cleaver, a novice MiBe of Trog (D:12)
  An orc warrior (D:12)
3 creatures vanquished.

Vanquished Creatures (others)
  A black mamba (Lair:6)
  2 rime drakes (IceCv)
  2 bloated husks (Swamp:1)
  A yak (Lair:6)
  2 bushes
  33 foxfires
  73 fungi
  80 plants
  9 toadstools (D:2)
  6 withered plants (D:15)
209 creatures vanquished.

Grand Total: 1131 creatures vanquished

Notes
Turn   | Place    | Note
-------+----------+-------------------------------------------
     0 | D:1      | LLlMATKO the Minotaur Berserker began the quest for the
                  | Orb.
     0 | D:1      | Reached XP level 1. HP: 19/19 MP: 0/0
   288 | D:1      | Reached XP level 2. HP: 27/27 MP: 1/1
   869 | D:1      | Reached XP level 3. HP: 33/33 MP: 2/2
  1275 | D:2      | Reached skill level 1 in Shields
  1368 | D:2      | Reached ** piety under Trog
  1604 | D:2      | Reached XP level 4. HP: 40/40 MP: 3/3
  2031 | D:2      | Found a faded altar of an unknown god.
  2527 | D:3      | Reached XP level 5. HP: 21/47 MP: 4/4
  2880 | D:3      | Noticed an orc warrior
  2886 | D:3      | Killed an orc warrior
  2887 | D:3      | Reached skill level 1 in Crossbows
  2889 | D:3      | Reached XP level 6. HP: 55/55 MP: 5/5
  3611 | D:3      | Reached *** piety under Trog
  3620 | D:3      | Reached skill level 5 in Fighting
  3748 | D:4      | Noticed Ijyb
  3752 | D:4      | Killed Ijyb
  3918 | D:4      | Reached skill level 5 in Axes
  4238 | D:4      | Reached XP level 7. HP: 55/61 MP: 6/6
  4310 | D:4      | Noticed Grinder
  4339 | D:4      | Paralysed by Grinder for 6 turns
  4347 | D:4      | Killed Grinder
  4488 | D:4      | Found a staircase to the Ecumenical Temple.
  4566 | D:4      | Reached **** piety under Trog
  4804 | D:4      | Reached skill level 5 in Armour
  4856 | D:4      | Found a basalt altar of Yredelemnul.
  5279 | D:5      | Entered Level 5 of the Dungeon
  5430 | D:5      | Reached XP level 8. HP: 57/70 MP: 7/7
  5790 | D:5      | Noticed Pikel
  5804 | D:5      | Killed Pikel
  5805 | D:5      | Reached skill level 5 in Dodging
  5805 | D:5      | Reached skill level 5 in Shields
  6775 | D:6      | Reached ***** piety under Trog
  6776 | D:6      | Reached XP level 9. HP: 73/78 MP: 8/8
  7236 | D:7      | Reached skill level 5 in Crossbows
  7833 | D:7      | Found Iserim's Jewellery Shop.
  8044 | D:8      | Found a sand-covered staircase.
  8063 | Ossuary  | Entered an ossuary
  8409 | Ossuary  | Reached XP level 10. HP: 88/88 MP: 9/9
  8832 | D:8      | Found an opulent altar of Gozag.
  9101 | D:8      | Found a runed translucent door.
  9103 | D:8      | Identified the +8 trident "Beastbane" {speed, rPois Str+4}
  9103 | D:8      | Noticed cccc's ghost (novice MiBe)
  9287 | D:9      | Noticed Erica
  9297 | D:9      | Killed Erica
  9505 | D:9      | Noticed Joseph
  9509 | D:9      | Identified the +11 battleaxe "Hytienoxt" {vorpal, +Blink
                  | rElec Stlth+} (Trog gifted it to you on level 9 of the
                  | Dungeon)
  9509 | D:9      | Received a gift from Trog
  9516 | D:9      | Killed Joseph
  9581 | D:9      | Noticed a cyclops
  9586 | D:9      | Killed a cyclops
 10245 | D:10     | Entered Level 10 of the Dungeon
 10694 | D:10     | Reached XP level 11. HP: 96/97 MP: 10/10
 11100 | D:10     | Found a staircase to the Lair.
 11257 | D:11     | Noticed a boulder beetle
 11280 | D:11     | Killed a boulder beetle
 11936 | D:11     | Noticed a five-headed hydra
 11944 | D:11     | Killed a ten-headed hydra
 11945 | D:11     | Reached skill level 10 in Fighting
 11945 | D:11     | Reached skill level 10 in Axes
 12475 | D:11     | Noticed a two-headed ogre
 12486 | D:11     | Killed a two-headed ogre
 12487 | D:11     | Reached skill level 10 in Armour
 12488 | D:11     | Found a staircase to the Orcish Mines.
 12491 | D:11     | Received a gift from Trog
 12717 | D:12     | Reached XP level 12. HP: 95/107 MP: 9/11
 12827 | D:12     | Found a frozen archway.
 12843 | IceCv    | Entered an ice cave
 13946 | IceCv    | Noticed an ice dragon
 13960 | IceCv    | Killed an ice dragon
 13961 | IceCv    | Reached skill level 10 in Shields
 14054 | IceCv    | Identified the ring "Boaleseo" {Wiz rElec MP+9 Slay+2}
 14136 | IceCv    | Received a gift from Trog
 14487 | D:12     | Noticed a boulder beetle
 14507 | D:12     | Killed a boulder beetle
 14904 | D:12     | Found a runed translucent gate.
 14904 | D:12     | Found a runed translucent gate.
 14904 | D:12     | Noticed a centaur warrior
 14904 | D:12     | Noticed mcbry74's ghost (novice MiBe)
 14905 | D:12     | Found a runed translucent gate.
 14905 | D:12     | Noticed a naga warrior
 14906 | D:12     | Found an iron altar of Okawaru.
 14918 | D:12     | Killed mcbry74's ghost
 14920 | D:12     | Killed a centaur warrior
 14921 | D:12     | Killed a naga warrior
 14943 | D:12     | Identified the +5 demon blade of the Several Ships {freeze,
                  | rN+ Int-2 Dex+2}
 15015 | D:12     | Reached skill level 10 in Dodging
 15203 | D:8      | Killed cccc's ghost
 15615 | D:13     | Noticed a catoblepas
 15621 | D:13     | Killed a catoblepas
 15806 | D:13     | Reached XP level 13. HP: 95/116 MP: 12/12
 16024 | D:13     | Noticed Azrael
 16214 | D:13     | Killed Azrael
 16232 | D:13     | Reached skill level 10 in Crossbows
 16385 | D:13     | Noticed a green very ugly thing
 16395 | D:13     | Killed a green very ugly thing
 16482 | D:13     | Identified the +6 hunting sling "Joitoprao" {flame, rElec
                  | rN+ Stlth+}
 16503 | D:13     | Identified the +6 chain mail of Gestures {Rampage rElec
                  | Str-2 Int-4}
 17384 | D:13     | Noticed Rupert
 17393 | D:13     | Killed Rupert
 18389 | D:14     | Found a gate to the Vaults.
 18469 | D:14     | Found a flagged portal.
 18515 | Bailey   | Entered a bailey
 18906 | Bailey   | Received a gift from Trog
 19720 | D:14     | You fall into a shaft and drop 1 floor!
 19720 | D:15     | Entered Level 15 of the Dungeon
 19720 | D:15     | Found a staircase to the Depths.
 19864 | D:14     | Found a glowing golden altar of the Shining One.
 19864 | D:14     | Found a white marble altar of Elyvilon.
 19865 | D:14     | Found a glowing silver altar of Zin.
 20433 | D:14     | Noticed a white very ugly thing
 20442 | D:14     | Killed a white very ugly thing
 20443 | D:14     | Reached XP level 14. HP: 75/127 MP: 13/13
 22256 | Lair:1   | Entered Level 1 of the Lair of Beasts
 22597 | Lair:1   | Received a gift from Trog
 23447 | Lair:2   | Noticed Nergalle
 23457 | Lair:2   | Killed Nergalle
 23649 | Lair:2   | Noticed Urug
 23659 | Lair:2   | Killed Urug
 24787 | Lair:2   | Found a staircase to the Swamp.
 25568 | Lair:3   | Identified the +4 cloak of Mauclut {-Cast rPois SInv
                  | Stlth+}
 25921 | Lair:3   | Found a staircase to the Snake Pit.
 27106 | Lair:4   | Reached ****** piety under Trog
 27489 | Lair:5   | Reached XP level 15. HP: 94/137 MP: 14/14
 27675 | Lair:5   | Received a gift from Trog
 29310 | Lair:6   | Entered Level 6 of the Lair of Beasts
 30113 | Lair:6   | Found a staircase to the Slime Pits.
 30822 | Lair:6   | Identified the +3 hand axe of Trog's Outrage {vorpal, rF+
                  | Dex+2} (Trog gifted it to you on level 6 of the Lair of
                  | Beasts)
 30822 | Lair:6   | Received a gift from Trog
 31713 | Orc:1    | Entered Level 1 of the Orcish Mines
 32176 | Orc:2    | Entered Level 2 of the Orcish Mines
 32183 | Orc:2    | Noticed an orc warlord
 32749 | Orc:1    | Killed an orc warlord
 33209 | Orc:2    | Found Wyma's Antique Armour Shop.
 33299 | Orc:2    | Found Nuutzipo's Antique Weapon Boutique.
 33506 | Orc:2    | Bought a slimy broad axe for 198 gold pieces
 33506 | Orc:2    | Identified the +4 broad axe of Ynlinoim {freeze, Int+6}
                  | (You bought it in a shop on level 2 of the Orcish Mines)
 33582 | Orc:2    | Found Amuskoikop's Jewellery Emporium.
 33601 | Orc:2    | Found a staircase to the Elven Halls.
 33742 | Orc:2    | Found Zeur's General Store.
 33757 | Orc:2    | Received a gift from Trog
 33771 | Orc:2    | Reached XP level 16. HP: 79/147 MP: 15/15
 35258 | Swamp:1  | Entered Level 1 of the Swamp
 36536 | Swamp:1  | Reached skill level 15 in Fighting
 36816 | Swamp:1  | Received a gift from Trog
 36898 | Swamp:1  | Reached skill level 15 in Axes
 38014 | Swamp:2  | You fall into a shaft and drop 1 floor!
 38339 | Swamp:3  | Identified the +0 tower shield "Yseunuv" {rC+ Int+2 Dex+3}
 38339 | Swamp:3  | Noticed Louise
 38370 | Swamp:3  | Killed Louise
 38371 | Swamp:3  | Reached skill level 15 in Armour
 39684 | Swamp:4  | Entered Level 4 of the Swamp
 39891 | Swamp:3  | Reached skill level 15 in Shields
 39910 | Swamp:3  | Received a gift from Trog
 42443 | Swamp:3  | Reached XP level 17. HP: 127/156 MP: 16/16
 43547 | Swamp:4  | Noticed Bai Suzhen
 43570 | Swamp:4  | Killed Bai Suzhen
 43866 | Swamp:4  | Noticed the 27-headed Lernaean hydra
 43876 | Swamp:4  | HP: 5/237 [the 23-headed Lernaean hydra (8)]
 43876 | Swamp:4  | Slain by the 23-headed Lernaean hydra

Illustrated notes

Levels and vault maps discovered:
D:1:      dpeg_arrival_chambers_temple_mockup, layout_loops_ring,
          minmay_pentomino_z2
D:2:      cheibrodos_fertilizer, layout_basic,
          dreamdust_ecumenical_altar_angels_and_demons
D:3:      layout_loops_corners
D:4:      layout_layer_cave, temple_pool_b, grunt_ministairs_15,
          minmay_misc_feat_cross, kennysheep_diamond, grunt_decor_cap,
          uniq_grinder, uniq_ijyb
D:5:      corexii_shack_village, layout_basic, ebering_dispersal_statue_hall,
          minmay_holes, uniq_pikel
D:6:      layout_cave_pools
D:7:      layout_basic, minmay_shop_enchanted_jewellery, minmay_misc_feat_rugged
D:8:      layout_rooms, mainiacjoe_overflow_alcove_1,
          ebering_ghost_funeral_grove, gup_ossuary_entry_pyramid
D:9:      layout_loops_ring, amcnicky_mini_rare_corridor_liquid, uniq_joseph,
          uniq_erica
D:10:     argonaut_augean_stables, layout_cave_pools, david_lair_shrubbed
D:11:     layout_loops_cross, david_orc_5, minmay_fractal_squares_gapless_5
D:12:     layout_rooms, gammafunk_ghost_fury_of_okawaru,
          portal_ice_cave_demonic_guard, gauntlet_entry_generic
D:13:     hangedman_cross_stitches, layout_loops_ring, uniq_azrael, uniq_rupert
D:14:     layout_cave_pods, erik_vaults_1, enter_bailey_5, good_gods_temple_1,
          minmay_misc_feat_hallway, minivault_25_ag, kb_rosetta
D:15:     gammafunk_depths_entry_grave, layout_cave_pools, abandoned_shop
Lair:1:   beast_lair_carwin_large_1, layout_small_grid
Lair:2:   layout_cave_pods, minmay_swamp_entry_worms, uniq_urug, uniq_nergalle
Lair:3:   layout_regular_city, guppyfry_snake_entry_garden, lemuel_fruit_fields
Lair:4:   layout_gridlike, nicolae_lair_grove_arrangements, fungi_pond_lemuel,
          chequers_serial_rivers_large_a
Lair:5:   layout_regular_city, cheibrodos_lair_caveside_slide,
          fungi_pond_lemuel, chequers_serial_rivers_micro_e,
          serial_bayou_shore_a, serial_bayou_shore_b, grunt_megastairs_4
Lair:6:   grunt_lair_end_beastmaster, layout_misc_corridors,
          nicolae_slime_entry_slimehenge
Swamp:1:  nicolae_swamp_ascending_descending, layout_falls_marsh,
          evilmike_swamp_ruin_house_4, swamp_pool1,
          nicolae_swamp_wisp_ring_woods
Swamp:2:  nicolae_swamp_decorative_isthmus, layout_falls_marsh,
          evilmike_swamp_ruin_wall, swamp_pool3, infiniplex_staircase_pool
Swamp:3:  layout_basic_swamp, nicolae_swamp_tree_designs, uniq_louise
Swamp:4:  grunt_swamp_rune_castle, layout_basic_swamp, swamp_pool2,
          nicolae_swamp_triple_paths, uniq_bai_suzhen, uniq_nikola
Orc:1:    layout_caves, special_room [special_room_orc]
Orc:2:    grunt_orc_gardens, layout_diamond_mine, grunt_orc_garden,
          grunt_orc_garden, grunt_orc_garden, grunt_orc_garden,
          minmay_orc_barracks

Skill      XL: |  1  2  3  4  5  6  7  8  9 10 11 12 13 14 15 16 |
---------------+-------------------------------------------------+-----
Axes           | 4 5 6 7 9 10 11 12 13 14 15 | 15.8
Fighting       | 4 5 6 8 9 10 11 12 13 14 15 | 15.9
Armour         | 3 4 5 6 7 8 10 11 12 13 14 15 | 15.6
Shields        | 1 2 3 4 5 6 8 9 10 12 13 14 15 | 15.4
Dodging        | 3 4 5 6 7 9 10 11 12 13 14 | 14.4
Crossbows      | 1 2 3 4 5 7 8 9 10 12 | 12.3

Action                   |  1- 3 |  4- 6 |  7- 9 | 10-12 | 13-15 | 16-18 || total
-------------------------+-------+-------+-------+-------+-------+-------++-------
Melee: Hand axe          |    82 |    54 |   123 |    39 |       |       ||   298
       Headbutt          |    11 |    21 |    66 |    79 |   139 |   112 ||   428
       War axe           |       |    64 |   184 |    35 |    35 |    72 ||   390
       Battleaxe         |       |       |       |   296 |   576 |   332 ||  1204
 Fire: Arbalest          |       |       |       |     6 |   403 |   238 ||   647
Throw: Boomerang         |       |       |       |     1 |       |       ||     1
       Dart              |       |       |       |       |    27 |    39 ||    66
       Throwing net      |       |       |       |       |     1 |    10 ||    11
Invok: Berserk           |     1 |     5 |     5 |    14 |    17 |    12 ||    54
       Brothers in Arms  |       |       |       |     2 |       |       ||     2
       Trog's Hand       |       |       |       |     1 |       |       ||     1
  Use: Scroll            |     2 |     5 |     9 |     8 |     7 |     2 ||    33
       Potion            |       |       |       |     1 |       |       ||     1
 Stab: Petrified         |       |       |       |       |     3 |       ||     3
       Distracted        |       |       |       |       |       |     1 ||     1
Armor: Animal skin       |    21 |    14 |       |       |       |       ||    35
       Chain mail        |       |    32 |   159 |    45 |       |       ||   236
       Plate armour      |       |       |       |   193 |   451 |   367 ||  1011
Dodge: Dodged            |    44 |    28 |    73 |   155 |   424 |   330 ||  1054
Block: Kite shield       |    24 |    56 |   173 |    36 |       |       ||   289
       Other             |       |       |       |       |   180 |   115 ||   295
       Reflection        |       |       |       |       |     6 |     3 ||     9
